DSL
DSL NEW YORK (N) METS @ DSL ARIZONA DIAMONDBACKS
08/02/2041
 
TOP OF THE 1ST
DSL New York (N) Mets batting - Pitching for DSL Arizona Diamondbacks : LHP Luis Soto
Pitching: LHP Luis Soto
Batting: RHB Víctor Chapa 0-0: Ball
1-0: Foul Ball, location: 2F
1-1: Swinging Strike
1-2: Fly out, F8 (Flyball, 8LM, EV 98.1 MPH)
Batting: LHB Dan Nieves 0-0: Ball
1-0: Ball
2-0: Ground out 6-3 (Groundball, 6, EV 101.9 MPH)
Batting: RHB Mike Humphrey 0-0: Foul Ball, location: 2F
0-1: DOUBLE (Flyball, 8LXD, EV 93.8 MPH)
Batting: RHB Ken Brian 0-0: Called Strike
0-1: Foul Ball, location: 5F
0-2: Foul Ball, location: 5F
0-2: Foul Ball, location: 9LDF
0-2: Foul Ball, location: 2F
0-2: Ball
1-2: Ground out 5-3 (Groundball, 56, EV 88.1 MPH)
Top of the 1st over - 0 runs, 1 hit, 0 errors, 1 left on base; DSL New York (N) 0 - DSL Arizona 0
BOTTOM OF THE 1ST
DSL Arizona Diamondbacks batting - Pitching for DSL New York (N) Mets : RHP Jeremy Shaw
Pitching: RHP Jeremy Shaw
Batting: RHB Tim Gordon 0-0: Ball
1-0: Called Strike
1-1: Ball
2-1: Ball
3-1: Called Strike
3-2: Base on Balls
Batting: RHB Sean Mitchell 0-0: Foul Ball, location: 2F
0-1: Called Strike
Tim Gordon is caught stealing 2nd base 2-4
0-2: Ball
1-2: Ball
2-2: Foul Ball, location: 5FF
2-2: Foul Ball, location: 7LSF
2-2: DOUBLE (Groundball, 5L, EV 103.8 MPH)
Batting: RHB Xavier Gómez 0-0: Ball
1-0: Ball
2-0: Ball
3-0: Base on Balls
Batting: LHB Jeff Lee 0-0: Called Strike
0-1: Ball
1-1: Ball
2-1: Swinging Strike
2-2: Strikes out looking
Batting: LHB Luis López 0-0: Ball
1-0: Foul Ball, location: 2F
1-1: Ball
2-1: Foul Ball, location: 2F
2-2: Ground out 1-3 (Groundball, 13S, EV 67.5 MPH)
Bottom of the 1st over - 0 runs, 1 hit, 0 errors, 2 left on base; DSL New York (N) 0 - DSL Arizona 0
TOP OF THE 2ND
DSL New York (N) Mets batting - Pitching for DSL Arizona Diamondbacks : LHP Luis Soto
Batting: RHB Moritz Herbst 0-0: Hit by Pitch
Batting: LHB Joe Pittman 0-0: SINGLE (Flyball, 8LS, EV 93.8 MPH)
Moritz Herbst to second
Batting: RHB Aurelio Luna 0-0: Swinging Strike
0-1: Ball
1-1: Foul Ball, location: 5FF
1-2: Foul Ball, location: 7LDF
1-2: DOUBLE (Groundball, 5L, EV 106.3 MPH)
Moritz Herbst scores
Joe Pittman to third
Batting: RHB José Rodríguez 0-0: Ground out 4-3 (Groundball, 4, EV 89.4 MPH)
Joe Pittman scores
Aurelio Luna to third
Batting: RHB Jim Unknown 0-0: Ball
1-0: Called Strike
1-1: Foul Ball, location: 5F
1-2: Foul Ball, location: 2F
1-2: Strikes out looking
Batting: RHB Víctor Chapa 0-0: Fly out, F8 (Flyball, 8LS, EV 85.6 MPH)
Top of the 2nd over - 2 runs, 2 hits, 0 errors, 1 left on base; DSL New York (N) 2 - DSL Arizona 0
BOTTOM OF THE 2ND
DSL Arizona Diamondbacks batting - Pitching for DSL New York (N) Mets : RHP Jeremy Shaw
Batting: RHB Teobaldo Giraldes 0-0: Foul Ball, location: 3FF
0-1: Foul Ball, location: 2F
0-2: Ball
1-2: Fly out, F8 (Flyball, 8RXD, EV 107.5 MPH)
Batting: RHB Aurelio Escobaies 0-0: Ball
1-0: Swinging Strike
1-1: Ball
2-1: Foul Ball, location: 9LMF
2-2: Fly out, F8 (Flyball, 8LD, EV 103.1 MPH)
Batting: LHB David Warmisch 0-0: Ball
1-0: Foul Ball, location: 2F
1-1: SOLO HOME RUN (Line Drive, 7LD, EV 95.0 MPH), Distance : 360 ft
Batting: RHB Norberto Vega 0-0: Foul Ball, location: 3SF
0-1: Ball
1-1: Foul Ball, location: 25F
1-2: Foul Ball, location: 5F
1-2: Ball
2-2: Ball
3-2: Foul Ball, location: 3DF
3-2: Strikes out looking
Bottom of the 2nd over - 1 run, 1 hit, 0 errors, 0 left on base; DSL New York (N) 2 - DSL Arizona 1
TOP OF THE 3RD
DSL New York (N) Mets batting - Pitching for DSL Arizona Diamondbacks : LHP Luis Soto
Batting: LHB Dan Nieves 0-0: Ball
1-0: Called Strike
1-1: Ball
2-1: Ball
3-1: Fly out, F9 (Flyball, 9, EV 81.9 MPH)
Batting: RHB Mike Humphrey 0-0: Ball
1-0: Ball
2-0: Foul Ball, location: 2F
2-1: Ball
3-1: Foul Ball, location: 7LSF
3-2: Foul Ball, location: 5F
3-2: Base on Balls
Batting: RHB Ken Brian 0-0: Foul Ball, location: 2F
0-1: Ball
1-1: Ball
2-1: Ball
3-1: Foul Ball, location: 9LDF
3-2: Foul Ball, location: 23F
3-2: Foul Ball, location: 2F
3-2: Foul Ball, location: 2F
3-2: Foul Ball, location: 3F
3-2: Base on Balls
Mike Humphrey to second
Batting: RHB Moritz Herbst 0-0: Foul Ball, location: 5F
0-1: Swinging Strike
0-2: Grounds into double play, 6-4-3 (Groundball, 6, EV 103.8 MPH)
Top of the 3rd over - 0 runs, 0 hits, 0 errors, 1 left on base; DSL New York (N) 2 - DSL Arizona 1
BOTTOM OF THE 3RD
DSL Arizona Diamondbacks batting - Pitching for DSL New York (N) Mets : RHP Jeremy Shaw
Batting: RHB Tim Gordon 0-0: Ball
1-0: Ball
2-0: Ball
3-0: Called Strike
3-1: Foul Ball, location: 2F
3-2: TRIPLE (Line Drive, 78XD, EV 98.8 MPH)
Batting: RHB Sean Mitchell 0-0: Ball
1-0: Foul Ball, location: 2F
1-1: Ball
2-1: Swinging Strike
2-2: Foul Ball, location: 2F
2-2: Foul Ball, location: 2F
2-2: Foul Ball, location: 3DF
2-2: Ball
3-2: Base on Balls
Pitching: RHP Erik Rice
Batting: RHB Xavier Gómez 0-0: Ball
1-0: Ball
Sean Mitchell steals 2nd base (no throw)
2-0: Ball
3-0: Called Strike
3-1: Base on Balls
Batting: LHB Jeff Lee 0-0: Called Strike
0-1: Called Strike
0-2: Ball
1-2: Foul Ball, location: 2F
1-2: Strikes out swinging
Batting: LHB Luis López 0-0: Called Strike
0-1: Called Strike
0-2: Foul Ball, location: 7LMF
0-2: Grounds into double play, 4-6-3 (Groundball, 4, EV 105.0 MPH)
Bottom of the 3rd over - 0 runs, 1 hit, 0 errors, 2 left on base; DSL New York (N) 2 - DSL Arizona 1
TOP OF THE 4TH
DSL New York (N) Mets batting - Pitching for DSL Arizona Diamondbacks : LHP Luis Soto
Batting: LHB Joe Pittman 0-0: Swinging Strike
0-1: Foul Ball, location: 2F
0-2: SOLO HOME RUN (Flyball, 9LD, EV 91.9 MPH), Distance : 350 ft
Batting: RHB Aurelio Luna 0-0: Ball
1-0: Ball
2-0: SINGLE (Groundball, 6MD, EV 93.8 MPH)
Batting: RHB José Rodríguez 0-0: Grounds into double play, 5-4-3 (Groundball, 5, EV 95.0 MPH)
Batting: RHB Jim Unknown 0-0: Called Strike
0-1: Ball
1-1: Ball
2-1: Ball
3-1: Fly out, F8 (Flyball, 8RD, EV 100.6 MPH)
Top of the 4th over - 1 run, 2 hits, 0 errors, 0 left on base; DSL New York (N) 3 - DSL Arizona 1
BOTTOM OF THE 4TH
DSL Arizona Diamondbacks batting - Pitching for DSL New York (N) Mets : RHP Erik Rice
Batting: RHB Teobaldo Giraldes 0-0: Called Strike
0-1: Ball
1-1: Ball
2-1: Ball
3-1: Called Strike
3-2: Base on Balls
Batting: RHB Aurelio Escobaies 0-0: Called Strike
0-1: Grounds into double play, 5-4-3 (Groundball, 56, EV 102.5 MPH)
Batting: LHB David Warmisch 0-0: Foul Ball, location: 5F
0-1: Ball
1-1: Called Strike
1-2: Strikes out looking
Bottom of the 4th over - 0 runs, 0 hits, 0 errors, 0 left on base; DSL New York (N) 3 - DSL Arizona 1
TOP OF THE 5TH
DSL New York (N) Mets batting - Pitching for DSL Arizona Diamondbacks : LHP Luis Soto
Batting: RHB Víctor Chapa 0-0: Foul Ball, location: 23FF
0-1: Foul Ball, location: 9LMF
0-2: Foul Ball, location: 23FF
0-2: Ball
1-2: SOLO HOME RUN (Flyball, 7D, EV 98.1 MPH), Distance : 400 ft
Batting: LHB Dan Nieves 0-0: Ball
1-0: Swinging Strike
1-1: Ground out 1-3 (Groundball, 34S, EV 73.8 MPH)
Batting: RHB Mike Humphrey 0-0: Called Strike
0-1: Ball
1-1: Ground out 6-3 (Groundball, 6S, EV 73.1 MPH)
Batting: RHB Ken Brian 0-0: Called Strike
0-1: Swinging Strike
0-2: Ball
1-2: Ball
2-2: Ball
3-2: Foul Ball, location: 2F
3-2: Strikes out looking
Top of the 5th over - 1 run, 1 hit, 0 errors, 0 left on base; DSL New York (N) 4 - DSL Arizona 1
BOTTOM OF THE 5TH
DSL Arizona Diamondbacks batting - Pitching for DSL New York (N) Mets : RHP Erik Rice
Batting: RHB Norberto Vega 0-0: Ball
1-0: Foul Ball, location: 2F
1-1: Ball
2-1: Ground out 6-3 (Groundball, 6, EV 76.3 MPH)
Batting: RHB Tim Gordon 0-0: Called Strike
0-1: Called Strike
0-2: Ball
1-2: Fly out, F7 (Line Drive, 7S, EV 93.1 MPH)
Batting: RHB Sean Mitchell 0-0: Swinging Strike
0-1: Foul Ball, location: 2F
0-2: Strikes out swinging
Bottom of the 5th over - 0 runs, 0 hits, 0 errors, 0 left on base; DSL New York (N) 4 - DSL Arizona 1
TOP OF THE 6TH
DSL New York (N) Mets batting - Pitching for DSL Arizona Diamondbacks : LHP Luis Soto
Batting: RHB Moritz Herbst 0-0: Called Strike
0-1: Ground out 4-3 (Groundball, 4, EV 75.6 MPH)
Batting: LHB Joe Pittman 0-0: Called Strike
0-1: Ball
1-1: Ball
2-1: Ball
3-1: Base on Balls
Batting: RHB Aurelio Luna 0-0: Called Strike
0-1: Foul Ball, location: 7LSF
0-2: Foul Ball, location: 2F
0-2: Ball
1-2: Strikes out swinging
Batting: RHB José Rodríguez 0-0: Fielders Choice at 2nd, 6-4 (Groundball, 6, EV 86.9 MPH)
Top of the 6th over - 0 runs, 0 hits, 0 errors, 1 left on base; DSL New York (N) 4 - DSL Arizona 1
BOTTOM OF THE 6TH
DSL Arizona Diamondbacks batting - Pitching for DSL New York (N) Mets : RHP Erik Rice
Batting: RHB Xavier Gómez 0-0: Ball
1-0: Fly out, F7 (Line Drive, 78S, EV 95.6 MPH)
Batting: LHB Jeff Lee 0-0: Called Strike
0-1: Called Strike
0-2: Ball
1-2: Ball
2-2: Ground out 6-3 (Groundball, 6M, EV 91.9 MPH)
Batting: LHB Luis López 0-0: Called Strike
0-1: Foul Ball, location: 2F
0-2: Foul Ball, location: 2F
0-2: Strikes out swinging
Bottom of the 6th over - 0 runs, 0 hits, 0 errors, 0 left on base; DSL New York (N) 4 - DSL Arizona 1
TOP OF THE 7TH
DSL New York (N) Mets batting - Pitching for DSL Arizona Diamondbacks : LHP Luis Soto
Batting: RHB Jim Unknown 0-0: Ball
1-0: Ball
2-0: Ball
3-0: Called Strike
3-1: Called Strike
3-2: Strikes out swinging
Batting: RHB Víctor Chapa 0-0: Foul Ball, location: 3FF
0-1: Foul Ball, location: 2F
0-2: Ball
1-2: Ball
2-2: Fly out, F7 (Flyball, 78D, EV 105.6 MPH)
Batting: LHB Dan Nieves 0-0: Called Strike
0-1: Ground out 3-1 (Groundball, 34, EV 90.6 MPH)
Top of the 7th over - 0 runs, 0 hits, 0 errors, 0 left on base; DSL New York (N) 4 - DSL Arizona 1
BOTTOM OF THE 7TH
DSL Arizona Diamondbacks batting - Pitching for DSL New York (N) Mets : RHP Erik Rice
Pitching: RHP Ron Johnston
Batting: RHB Teobaldo Giraldes 0-0: Ball
1-0: Called Strike
1-1: Foul Ball, location: 2F
1-2: Fly out, F9 (Line Drive, 9, EV 86.9 MPH)
Batting: RHB Aurelio Escobaies 0-0: Ball
1-0: Foul Ball, location: 2F
1-1: Fly out, F3 (Popup, 34, EV 72.5 MPH)
Batting: LHB David Warmisch 0-0: Ball
1-0: Ball
2-0: Called Strike
2-1: Swinging Strike
2-2: Ball
3-2: Strikes out swinging
Bottom of the 7th over - 0 runs, 0 hits, 0 errors, 0 left on base; DSL New York (N) 4 - DSL Arizona 1
TOP OF THE 8TH
DSL New York (N) Mets batting - Pitching for DSL Arizona Diamondbacks : LHP Luis Soto
Pitching: RHP Cristo Martínez
Batting: RHB Mike Humphrey 0-0: Called Strike
0-1: Foul Ball, location: 2F
0-2: Foul Ball, location: 9LMF
0-2: Strikes out swinging
Batting: RHB Ken Brian 0-0: Ball
1-0: Ball
2-0: Called Strike
2-1: Ball
3-1: Swinging Strike
3-2: Strikes out looking
Batting: RHB Moritz Herbst 0-0: Called Strike
0-1: Foul Ball, location: 9LSF
0-2: Strikes out swinging
Top of the 8th over - 0 runs, 0 hits, 0 errors, 0 left on base; DSL New York (N) 4 - DSL Arizona 1
BOTTOM OF THE 8TH
DSL Arizona Diamondbacks batting - Pitching for DSL New York (N) Mets : RHP Ron Johnston
DELAY Rain delay of 32 minutes in the 8th inning.
Pinch Hitting: LHB Alan Gordon 0-0: Called Strike
0-1: Ball
1-1: Ball
2-1: Ball
3-1: Base on Balls
Batting: RHB Tim Gordon 0-0: Called Strike
0-1: Ball
1-1: Ball
2-1: Swinging Strike
2-2: Ball
3-2: Fly out, F2 (Popup, 23F, EV 78.1 MPH)
Pinch Hitting: LHB Tomás Acevedo 0-0: Ball
1-0: Swinging Strike
1-1: Called Strike
1-2: Ball
2-2: Strikes out swinging
Batting: RHB Xavier Gómez 0-0: Ball
1-0: Called Strike
1-1: Ball
2-1: Foul Ball, location: 3DF
2-2: Ball
3-2: Base on Balls
Alan Gordon to second
Batting: LHB Jeff Lee 0-0: Ball
1-0: Foul Ball, location: 25F
1-1: Fly out, F5 (Popup, 5SF, EV 81.3 MPH)
Bottom of the 8th over - 0 runs, 0 hits, 0 errors, 2 left on base; DSL New York (N) 4 - DSL Arizona 1
TOP OF THE 9TH
DSL New York (N) Mets batting - Pitching for DSL Arizona Diamondbacks : RHP Cristo Martínez
Now at 2B: Xavier Gómez
Now in LF: Tomás Acevedo
Now in CF: Tim Gordon
Now in RF: Alan Gordon
Batting: LHB Joe Pittman 0-0: Called Strike
0-1: Swinging Strike
0-2: Ball
1-2: Strikes out swinging
Batting: RHB Aurelio Luna 0-0: Swinging Strike
0-1: Ball
1-1: Foul Ball, location: 9LSF
1-2: Strikes out swinging
Batting: RHB José Rodríguez 0-0: Ball
1-0: Ball
2-0: Swinging Strike
2-1: Foul Ball, location: 2F
2-2: Foul Ball, location: 2F
2-2: Strikes out swinging
Top of the 9th over - 0 runs, 0 hits, 0 errors, 0 left on base; DSL New York (N) 4 - DSL Arizona 1
BOTTOM OF THE 9TH
DSL Arizona Diamondbacks batting - Pitching for DSL New York (N) Mets : RHP Ron Johnston
Batting: LHB Luis López 0-0: Called Strike
0-1: Foul Ball, location: 2F
0-2: Strikes out swinging
Pinch Hitting: SHB Wilson Estrada 0-0: Called Strike
0-1: Fly out, F7 (Flyball, 7, EV 91.3 MPH)
Pinch Hitting: LHB Gil Graham 0-0: Ball
1-0: Foul Ball, location: 2F
1-1: Ball
2-1: Called Strike
2-2: DOUBLE (Groundball, 5L, EV 103.1 MPH)
Pitching: LHP Jake Strickland
Batting: RHB Jim Hamilton 0-0: Ball
1-0: Ball
2-0: Ball
3-0: Base on Balls
Pinch Hitting: RHB José Hernández 0-0: Foul Ball, location: 3FF
0-1: Ball
1-1: Ball
2-1: Ground out U3 (Groundball, 13, EV 87.5 MPH)
Bottom of the 9th over - 0 runs, 1 hit, 0 errors, 2 left on base; DSL New York (N) 4 - DSL Arizona 1
Wednesday, April 3rd , 2024 - OOTP Baseball 24.10 Build 82